[Event "Early-Titled-Tuesday-Blitz-February-27-2024"]
[Site "Chess.com"]
[Date "2024.02.27"]
[Round "7"]
[White "rcmz"]
[Black "Kristof_08"]
[Result "0-1"]
[WhiteElo "2199"]
[BlackElo "2431"]
[TimeControl "180+1"]
[EndTime "9:17:49 PST"]
[Termination "Kristof_08 won on time"]

1. b4 d5 2. Bb2 Nf6 3. e3 e6 4. a3 a5 5. b5 Be7 6. f4 O-O 7. Nf3 c6 8. c4 cxb5 9. cxb5 Nbd7 10.
Be2 Nc5 11. a4 Bd7 12. O-O Rc8 13. Nc3 Nfe4 14. Nxe4 dxe4 15. Nd4 Bf6 16. Rb1 Qb6 17. Kh1 Rfd8 18. Bc3 e5 19. fxe5 Bxe5 20. Bg4 Nd3 21.
Bxd7 Rxd7 22. Qg4 Nc5 23. Nf5 Qe6 24. Bxe5 Qxe5 25. Nh6+ Kf8 26. Rxf7+ Ke8 27. Rxg7 Qxg7 28. Qxg7 Rxg7 29. Nf5 Rd7 30. Rc1 Rxd2 31. h3 Kd7 32. Nd4 Nd3 33. Rf1 Rf2 34. Rd1 Rcf8 35. Kh2 Ra2 36. Kg3 Rg8+ 37. Kh4 Rgxg2 38. Rf1 Rg7 39. Rf6 Ne5 40. Nf5 Nf3+ 41. Kh5 Rg5+ 42. Kh6 Rh2 43. h4 Rg4 44. Rd6+ Ke8 45. Rb6 Rhxh4+ 46. Nxh4 Rxh4+ 47. Kg7 Rh2 48. Re6+ Kd7 49. Rxe4 Ng5 50. Rg4 Ne6+ 51. Kf6 Rf2+ 52. Ke5 h5 53. Rh4 Ng7 54. e4 Rf7 55. Rh2 Re7+ 56. Kf6 Ne8+ 57. Kf5 Nd6+ 58. Kf6 Nxe4+ 59.
Kf5 Nc5 60. Rxh5 Nxa4 61. Kf6 Nb6 62. Rh3 Re6+ 63. Kf7 Rd6 64. Re3 a4 65. Re7+ Kc8 66. Re8+ Rd8 67. Re3 Nc4 68. Rc3 Rd4 0-1

[Event "Early-Titled-Tuesday-Blitz-February-27-2024"]
[Site "Chess.com"]
[Date "2024.02.27"]
[Round "7"]
[White "Viktor_Poddubnyi"]
[Black "UnTucopalaTimba"]
[Result "1/2-1/2"]
[WhiteElo "2227"]
[BlackElo "1994"]
[TimeControl "180+1"]
[EndTime "9:17:50 PST"]
[Termination "Game drawn by repetition"]

1. e4 c6 2. d4 d5 3. exd5 cxd5 4. c4 Nf6 5. Nc3 Nc6 6. Bg5 e6 7. Nf3 Bb4 8. Bd3 dxc4 9. Bxc4 O-O 10. O-O h6 11.
Bh4 a6 12. Bb3 b5 13. d5 Bxc3 14. dxc6 Bxb2 15. Rb1 Qxd1 16. Rfxd1 Ba3 17. Ne5 g5 18. Bg3 Ne4 19. Rd3 h5 20. Nd7 Bxd7 21. cxd7 Be7 22. Be5 Nc5 23. Rd2 Ra7 24. Rbd1 Rd8 25. Bd4 Raxd7 26.
Be3 Rxd2 27. Rxd2 Rxd2 28. Bxd2 f5 29. Bc2 Kf7 30. Kf1 Bf6 31. Be3 Nd7 32. Ke2 Ke7 33. Kd2 Kd6 34. Bb3 Nc5 35. Bxc5+ Kxc5 36. Bxe6 f4 37. Kc2 Kd4 38. Bf7 h4 39. Bh5 Kc4 40.
Bg4 a5 41. Be6+ Kb4 42. Bd7 a4 43. Be8 Bd4 44. f3 Bg1 45. h3 Bd4 46. Bd7 Bf6 47.
Be8 Kc5 48. Bd7 a3 49. Be8 b4 50. Kb3 Bc3 51. Bh5 Kd4 52. Bg4 Ke3 53. Kc2 Kf2 54.
Kb3 Kxg2 55. Kc2 Kf2 56. Kb3 Ke3 57. Bh5 Kd4 58. Bg4 Ke3 59. Kc2 Kf2 60. Kb3 Kg3 61.
Kc2 Be1 62. Kb3 Bc3 63. Kc2 Kg2 64. Kb3 Kf2 65. Kc2 Kg3 66. Kb3 Kg2 67. Kc2 Be1 68. Kb3 Bc3 1/2-1/2

[Event "Early-Titled-Tuesday-Blitz-February-27-2024"]
[Site "Chess.com"]
[Date "2024.02.27"]
[Round "7"]
[White "LimeInTheCoconut"]
[Black "Vesapesa"]
[Result "1-0"]
[WhiteElo "2503"]
[BlackElo "2240"]
[TimeControl "180+1"]
[EndTime "9:17:51 PST"]
[Termination "LimeInTheCoconut won by resignation"]

1. b3 Nf6 2. Bb2 d5 3. e3 g6 4. Bxf6 exf6 5. d4 Bg7 6. g3 O-O 7. Bg2 c6 8. Ne2 Bg4 9. h3 Bxe2 10. Qxe2 f5 11. O-O Nd7 12. c4 dxc4 13. Qxc4 Nb6 14. Qc2 Nd5 15. Nc3 Nb4 16. Qe2 c5 17. Rfd1 cxd4 18.
exd4 Qb6 19. a3 Bxd4 20. Na4 Qf6 21. Rxd4 Qxd4 22. Rd1 Qf6 23. axb4 Rfe8 24. Qb5 f4 25. Qxb7 fxg3 26. fxg3 Rab8 27. Qc6 Qe5 28. Kh2 Rxb4 29. Nc5 Rb6 30. Nd7 Rxc6 31. Nxe5 Rc2 32. Rd5 f6 33.
Nd3 Ree2 34. Nf4 Rf2 35. h4 h6 36. Kh3 g5 37. hxg5 fxg5 38. Rd8+ Kg7 39. Nh5+ Kg6 40.
Be4+ Kf7 41. Bxc2 Rxc2 42. g4 Rc3+ 43. Ng3 Rxb3 44. Rd7+ Ke6 45. Rxa7 Ke5 46. Ra6 Kf4 47. Rf6+ Ke5 48. Rxh6 Kf4 49. Rf6+ Ke5 50. Rf5+ Ke6 51. Rxg5 Kf6 52. Rf5+ Kg6 53. Kh4 Rb1 54. Rg5+ Kh7 55. Rh5+ Kg7 56. Kg5 Rb5+ 57. Nf5+ Kf7 58. Rh7+ Kg8 59.
Rc7 Rb6 60. Kh5 Kf8 61. g5 Rb1 62. g6 Rh1+ 63. Kg5 Rg1+ 64. Kf6 Ke8 65. Rc8+ Kd7 66. Ra8 Rf1 67. g7 1-0

[Event "Early-Titled-Tuesday-Blitz-February-27-2024"]
[Site "Chess.com"]
[Date "2024.02.27"]
[Round "7"]
[White "Mesa_1"]
[Black "Knightmare1014"]
[Result "1-0"]
[WhiteElo "2499"]
[BlackElo "2295"]
[TimeControl "180+1"]
[EndTime "9:17:52 PST"]
[Termination "Mesa_1 won on time"]

1. e4 c5 2. Nc3 e6 3. Nf3 a6 4. d4 cxd4 5. Nxd4 Qc7 6. Bd3 Nf6 7.
Qe2 d6 8. f4 Nbd7 9. g4 h6 10.
Rf1 Be7 11. g5 Ng8 12. g6 Bh4+ 13. Kd1 Nc5 14. gxf7+ Qxf7 15. Bc4 b5 16. f5 bxc4 17. fxe6 Qg6 18. Nd5 Nxe6 19. Nxe6 Bxe6 20. Nf4 Qg4 21.
Nxe6 Qxe6 22. Qh5+ Kd7 23. Qxh4 Ne7 24. Bd2 g5 25.
Qg3 Rhf8 26. Re1 Ng6 27. a4 Nf4 28. Qc3 Rab8 29. a5 Rb5 30. Ra4 Rc8 31. Qg7+ Qe7 32. Qxh6 Qe5 33. Qh7+ Qe7 34. Qh6 Rxb2 35. Bxf4 gxf4 36.
Qh3+ Qe6 37. Qc3 Rb1+ 38. Kd2 Rxe1 39. Qg7+ Kc6 40. Kxe1 Qxe4+ 41. Kd1 Qf3+ 42. Kc1 Qf1+ 43. Kd2 Qf2+ 44. Kc3 Qe3+ 45. Kb2 Rb8+ 46. Ka2 Qc5 47. Qc3 d5 48. Ra3 Qd6 49. h4 Kd7 50. h5 Rf8 51. Qg7+ Kc6 52. h6 f3 53. h7 f2 54. h8=Q Rxh8 55. Qxh8 f1=Q 56. Qc8+ Qc7 57. Qxa6+ Kd7 58. Qb5+ Qc6 59. Qb8 Ke6 60. Re3+ Kf7 61. Qe5 1-0

[Event "Early-Titled-Tuesday-Blitz-February-27-2024"]
[Site "Chess.com"]
[Date "2024.02.27"]
[Round "7"]
[White "wannabe2700"]
[Black "rasmussvane"]
[Result "1-0"]
[WhiteElo "2757"]
[BlackElo "2937"]
[TimeControl "180+1"]
[EndTime "9:17:57 PST"]
[Termination "wannabe2700 won by resignation"]

1. b3 d5 2. Bb2 Nf6 3. Nf3 Bf5 4. g3 h6 5. Bg2 e6 6. O-O Be7 7. d3 O-O 8. Nbd2 Bh7 9. Ne5 Nfd7 10. Nxd7 Nxd7 11. e4 c6 12. f4 a5 13. a3 a4 14. b4 Nb6 15. Qe2 c5 16. f5 exf5 17. exf5 Nd7 18. Bxd5 cxb4 19. axb4 Nf6 20. Bg2 Bxb4 21.
Ne4 Be7 22. Kh1 Re8 23. Rab1 a3 24. Ba1 Ra7 25. Qf2 Ra5 26. g4 Nxe4 27. Bxe4 Bf6 28.
Rxb7 a2 29. Qb6 Qxb6 30. Rxb6 Bxa1 31. Rxa1 h5 32. h3 hxg4 33. hxg4 g6 34. Rb2 gxf5 35. gxf5 Bxf5 36. Bxf5 Rxf5 37. Rbxa2 Re2 38. Rg1+ Kh7 39. Rg3 Rf1+ 40. Rg1 Rf3 41. Rg4 Rf1+ 42. Rg1 Rff2 43. Rg3 Rh2+ 44. Kg1 Rd2 45. Ra7 Rhe2 46. Rxf7+ Kh6 47.
Rf8 Rd1+ 48. Rf1 Rxf1+ 49. Kxf1 Rxc2 50. Ke1 Kh5 51. Kd1 Ra2 52. d4 Ra4 53. Rd3 Kg6 54. Kc2 Kf7 55. Kb3 Ra1 56. Re3 Ra5 57. Kc4 Ra4+ 58. Kc5 Ra5+ 59. Kc6 Ra6+ 60. Kc5 Ra5+ 61. Kc6 Ra6+ 62. Kb5 Ra2 63. d5 Ra8 64. d6 Re8 65. Rxe8 Kxe8 66. Kc6 Kd8 67. d7 Ke7 68. Kc7 Ke6 69.
d8=Q Ke5 70. Qd6+ Ke4 71. Kc6 Ke3 72. Qd5 Ke2 73. Kc5 Ke1 74. Qd4 Kf1 75. Kc4 Kg2 76.
Qe3 1-0

[Event "Early-Titled-Tuesday-Blitz-February-27-2024"]
[Site "Chess.com"]
[Date "2024.02.27"]
[Round "7"]
[White "Anton_Demchenko"]
[Black "Abund"]
[Result "0-1"]
[WhiteElo "2886"]
[BlackElo "2776"]
[TimeControl "180+1"]
[EndTime "9:17:58 PST"]
[Termination "Abund won by resignation"]

1. e4 c6 2. d4 d5 3. e5 c5 4. Nf3 cxd4 5. Nxd4 Nc6 6. Nxc6 bxc6 7. Bd3 e6 8. Nd2 a5 9. Qe2 Ne7 10. Nf3 Ng6 11.
h4 f6 12. Bd2 Qc7 13. exf6 gxf6 14. Nd4 Ne5 15. f4 Nxd3+ 16. cxd3 Kf7 17. Qh5+ Kg8 18. Rh3 Qf7 19. Rg3+ Bg7 20. Qe2 h5 21. Rc1 Bd7 22. Nxc6 Kh7 23. Nxa5 Rhc8 24. Rxc8 Rxc8 25. d4 Rb8 26.
Rb3 Rc8 27. Rb7 Qe8 28. Nb3 Bc6 29. Ra7 Ra8 30. Rxa8 Bxa8 31. Nc5 e5 32. fxe5 fxe5 33. Kd1 e4 34. Qe3 Bc6 35. Bc3 Qg6 36. g3 Qg4+ 37.
Kc2 Qh3 38. Kb3 Bh6 39. Qf2 Kg7 40. Ne6+ Qxe6 41. Qe2 Qe8 42. Kc2 Bb5 43. Qf2 Bd3+ 44. Kd1 Qg6 45. Bd2 Qg4+ 46. Kc1 Bxd2+ 47. Kxd2 Qc8 48.
Ke3 Qc1+ 49. Qd2 Qxd2+ 50. Kxd2 Kf6 51. a4 Bc4 52. b4 Ke6 53. Ke3 Kd6 54. Kf4 Bb3 55.
a5 Bc4 56. g4 hxg4 57. Kxg4 e3 58. Kf3 e2 59. Kf2 Ke6 60. h5 Kf6 61. h6 Kg6 62. b5 Bxb5 63. Ke1 Kxh6 64. Kd2 Ba6 65. Ke1 Kg5 66. Kd2 Kf6 67. Ke1 Kf5 68. Kd2 Ke6 69. Ke1 Kd6 70. Kd2 Kd7 71. Ke1 Kc8 72. Kd2 Kb8 73. Ke1 Kc7 74. Kd2 Kc6 75. Ke1 Bc4 76. Kd2 Kb5 77. a6 Kxa6 78. Ke1 Ka5 0-1

[Event "Early-Titled-Tuesday-Blitz-February-27-2024"]
[Site "Chess.com"]
[Date "2024.02.27"]
[Round "7"]
[White "andrzej"]
[Black "Yurovskykh_Oleksandr"]
[Result "0-1"]
[WhiteElo "2510"]
[BlackElo "2684"]
[TimeControl "180+1"]
[EndTime "9:17:59 PST"]
[Termination "Yurovskykh_Oleksandr won on time"]

1. e4 e6 2. d4 d5 3. Nc3 dxe4 4. Nxe4 Bd7 5. Bd3 Bc6 6. Nf3 Nd7 7. O-O Ngf6 8. Nc3 Be7 9. Re1 O-O 10. Ne5 Nxe5 11.
dxe5 Nd7 12. Qh5 g6 13. Qh6 Nc5 14. Bf1 Qd4 15. Bf4 Rfd8 16. Rad1 Qb4 17. Re3 Bf8 18. Qh4 Rxd1 19. Nxd1 Bg7 20. c3 Qa4 21. Rh3 h5 22. Ne3 Qe4 23. Qg3 Nd3 24. Bxd3 Qxd3 25. Qg5 Qb1+ 26.
Nf1 Bb5 27. Bc1 Qxa2 28. Nd2 Qd5 29. Re3 Bc6 30. Re1 Rd8 31. Ne4 Qd1 32. Qe3 Bxe4 33. Qxe4 Qd5 34. Qe2 a6 35. h3 Qc6 36. Kh2 Rd5 37. g3 Rxe5 38. Qf1 Rxe1 39. Qxe1 Qd7 40.
Be3 c6 41. Bf4 Qd5 42. Qe2 e5 43. Be3 e4 44. Bf4 Qd3 45. Qe1 f5 46. Be3 Kf7 47.
h4 Ke6 48. Kh3 Be5 49. Qa1 Qc4 50. Qd1 Qd5 51. Qa4 Kd7 52. Qb4 Bd6 53. Qxb7+ Ke6 54. Qg7 f4 55. Qxg6+ Kd7 56. Qg7+ Kc8 57. Qh8+ Kb7 58.
gxf4 Qf5+ 59. Kh2 Bxf4+ 60. Bxf4 Qxf4+ 61. Kg2 Qg4+ 62. Kf1 Qxh4 63. Qd4 Qh1+ 64. Ke2 Qf3+ 65. Kf1 Qd3+ 66. Qxd3 exd3 67. Ke1 h4 68. f4 h3 69. Kf2 d2 70. Ke2 h2 0-1

[Event "Early-Titled-Tuesday-Blitz-February-27-2024"]
[Site "Chess.com"]
[Date "2024.02.27"]
[Round "7"]
[White "Cheer_Down"]
[Black "MikeSailer"]
[Result "1-0"]
[WhiteElo "2482"]
[BlackElo "2177"]
[TimeControl "180+1"]
[EndTime "9:18:04 PST"]
[Termination "Cheer_Down won by resignation"]

1. e4 d5 2. exd5 Qxd5 3. d4 Nc6 4. Nf3 Bg4 5. Nc3 Qf5 6. Bd3 Qh5 7. d5 Bxf3 8. Qxf3 Qxf3 9. gxf3 Ne5 10. Be2 O-O-O 11. f4 Ng6 12. h4 h5 13. f5 Ne5 14. Bf4 Ng4 15. Bg3 N8f6 16. O-O-O g6 17. Bd3 Bh6+ 18. Kb1 gxf5 19. Bxf5+ Kb8 20. Rhe1 Rhe8 21. a4 Bg7 22. f3 Nh6 23. Bh3 a6 24. a5 Nd7 25.
d6 cxd6 26. Rxe7 Be5 27. Rxe8 Rxe8 28. Bxd7 Re7 29. Bxe5 dxe5 30. Ne4 f5 31. Ng5 e4 32. f4 Ng4 33. Bxf5 Ne3 34. Rd8+ Kc7 35. Rf8 Nxf5 36. Rxf5 e3 37. Re5 Rxe5 38. fxe5 Kc6 39. Kc1 Kd5 40.
Nf3 Ke4 41. Ne1 Kxe5 42. Kd1 Kf4 43. Ke2 Kg4 44. Nf3 Kf4 45. b4 Ke4 46. Ng5+ Kf4 47. Nf3 Ke4 48. c3 Kf4 49. Ng5 Kg4 50. Kxe3 Kxh4 51.
Nf3+ Kg3 52. c4 Kg4 53. b5 Kf5 54. Kd4 Kf4 55. Nh4 Kg4 56. Ng2 Kg3 57. Ne3 Kf3 58. b6 h4 59. c5 h3 60. Nf1 Kg2 61. c6 bxc6 62. b7 Kxf1 63. b8=Q h2 64. Qxh2 1-0

[Event "Early-Titled-Tuesday-Blitz-February-27-2024"]
[Site "Chess.com"]
[Date "2024.02.27"]
[Round "7"]
[White "DumbKing75"]
[Black "Fernando_Offermann"]
[Result "1-0"]
[WhiteElo "2637"]
[BlackElo "2483"]
[TimeControl "180+1"]
[EndTime "9:18:08 PST"]
[Termination "DumbKing75 won by resignation"]

1. d4 Nf6 2. Nf3 g6 3. Bf4 Bg7 4. e3 O-O 5. Be2 d6 6. h3 c5 7. c3 Be6 8. O-O Qb6 9. Qc2 Nc6 10. Nbd2 Rac8 11. dxc5 Qxc5 12. Nb3 Qb6 13. Nbd4 Bd7 14. Bh2 a6 15. Rfd1 Na5 16. Nd2 Qc7 17. Rac1 b5 18.
b3 Qb6 19. Qb2 Rc7 20. c4 bxc4 21. Nxc4 Nxc4 22. Rxc4 Rfc8 23. Rdc1 Rxc4 24. Rxc4 Rxc4 25. Bxc4 e5 26. Nf3 Ne4 27. Qc2 Nc5 28. Bd5 Bf5 29.
Qc4 Qa7 30. b4 Bd3 31. Qh4 Ne6 32. Bxe6 fxe6 33. Ng5 Bf6 34. Qg4 Bf5 35. Qg3 Qe7 36.
Nf3 Kg7 37. h4 h6 38. h5 g5 39. Nd2 d5 40. e4 dxe4 41. Qb3 Qd6 42. Nc4 Qd5 43. Bg3 Bg4 44. Qc3 Bxh5 45. Bxe5 Bxe5 46. Nxe5 Bf7 47. a4 Kf8 48. b5 axb5 49. axb5 Qxb5 50. Qc8+ Kg7 51. Qc7 Qe8 52. Nc4 e5 53. Nxe5 Qe6 54.
Qc3 Kf8 55. Qc5+ Ke8 56. Qd4 Ke7 57. Qxe4 Kf6 58. Ng4+ Ke7 59. Qxe6+ Bxe6 60. Nxh6 Kf8 61. f3 Kg7 62. Ng4 Kg6 63. Ne3 Kf6 64. Kf2 Ke5 65.
Nf1 Kf6 66. Nh2 Kg6 67. Ke3 Bc4 68. g3 Bd5 69. Ng4 Ba8 70. Ne5+ Kf5 71. Nd3 Bb7 72.
Nf2 Ba8 73. Ne4 Bd5 74. Nc3 Bc6 75.
Ne2 Bb7 76. Nd4+ Ke5 77. Nb3 Bd5 78. Nc5 Kf5 79. Ne4 Ba8 80. g4+ Ke5 81. Nxg5 Kf6 82. Kf4 Kg6 83. Ne4 Bd5 84. Ng3 Kf6 85. Nh5+ Kg6 86.
Ng3 Kf6 87. g5+ Kg6 88. Nf5 Bxf3 89. Nh4+ Kh5 90. Nxf3 Kg6 91. Ne5+ 1-0

[Event "Early-Titled-Tuesday-Blitz-February-27-2024"]
[Site "Chess.com"]
[Date "2024.02.27"]
[Round "7"]
[White "newauto"]
[Black "HelvertHernandez"]
[Result "1-0"]
[WhiteElo "2219"]
[BlackElo "1999"]
[TimeControl "180+1"]
[EndTime "9:18:09 PST"]
[Termination "newauto won on time"]

1. d4 Nf6 2. Nf3 b6 3. Bg5 Ne4 4. Bh4 Bb7 5. Nbd2 Nxd2 6. Qxd2 d6 7. e3 Nd7 8. Bd3 g6 9. O-O Bxf3 10. gxf3 Bg7 11.
Be4 Rc8 12. Bb7 Rb8 13. Bc6 O-O 14. c4 Nf6 15. b4 Qc8 16. Kg2 Qf5 17. b5 e5 18. a4 exd4 19. exd4 Nh5 20. Bg3 Bf6 21. a5 Bg5 22. Qb2 Nf4+ 23. Bxf4 Bxf4 24. Rh1 Qg5+ 25.
Kf1 Qh4 26. h3 Kg7 27. Qe2 f5 28. axb6 axb6 29. Ra7 Rf7 30. Qe6 Qf6 31. Qxf6+ Kxf6 32. Kg2 Re7 33. Rha1 Bd2 34. R1a3 Rg8 35. Rd3 Bf4 36. Rda3 h6 37. Rb7 Rgg7 38. Ra8 g5 39. Rh8 g4 40. fxg4 fxg4 41. hxg4 Rxg4+ 42. Kf3 Rh4 43. Be4 Bg5 44.
Rbb8 Rf4+ 45. Ke3 Rfxe4+ 46. Kd3 Re1 47. Rbf8+ Kg6 48. f4 Bh4 49. f5+ Kh5 50. f6 Bg5 51. fxe7 Rxe7 52. Rhg8 Re3+ 53. Kc2 Re4 54. Kd3 Re3+ 55.
Kc2 Re4 56. c5 bxc5 57. dxc5 Rc4+ 58. Kb3 Rxc5 59. Rb8 d5 60. Rgc8 Bf4 61. Kb4 Bd6 62.
Ka5 Rc4 63. b6 Bb4+ 64. Kb5 c6+ 65. Rxc6 Rd4 66. b7 Bd2 67. Rd8 Bf4 68. b8=Q Bxb8 69.
Rxb8 Rd1 70. Rd8 Rb1+ 71. Ka4 Ra1+ 72. Kb3 Rd1 73. Kc2 Rd4 74. Rcd6 Rc4+ 75. Kd3 1-0

[Event "Early-Titled-Tuesday-Blitz-February-27-2024"]
[Site "Chess.com"]
[Date "2024.02.27"]
[Round "7"]
[White "LiamPutnam2008"]
[Black "Maikrosoft63"]
[Result "0-1"]
[WhiteElo "2783"]
[BlackElo "2618"]
[TimeControl "180+1"]
[EndTime "9:18:10 PST"]
[Termination "Maikrosoft63 won by checkmate"]

1. e4 c5 2. d4 cxd4 3. c3 dxc3 4.
Nxc3 Nc6 5. Nf3 e6 6. Bc4 a6 7.
O-O Nge7 8. Qe2 Ng6 9. Be3 Be7 10. Rfd1 O-O 11. Bb3 d6 12. Na4 b5 13. Nc5 Qc7 14. Nd3 Bb7 15. Rac1 Rac8 16. g3 Qb8 17. h4 Nge5 18.
Ndxe5 Nxe5 19. Nxe5 dxe5 20. Rd7 Bf6 21. Re1 Rfd8 22.
Rxd8+ Rxd8 23. Qg4 h5 24. Qxh5 Bxe4 25. Bg5 Bg6 26. Qg4 Rd4 27. Qe2 Bxg5 28. hxg5 Re4 29.
Qd2 Rxe1+ 30. Qxe1 Qd6 31. Qc3 Be4 32. f3 Bc6 33.
Kf2 b4 34. Qe3 g6 35. g4 e4 36. f4 a5 37. Bc2 Qd5 38. Bb3 Qb5 39. Bc2 Qc4 40. Bb3 Qb5 41. Bc2 a4 42. Bxe4 Bxe4 43.
Qxe4 Qc5+ 44. Qe3 Qc2+ 45. Qe2 Qc1 46. Kg3 a3 47. bxa3 bxa3 48. Kf3 Qb2 49. Ke3 Qc3+ 50. Kf2 Qc5+ 51. Qe3 Qc2+ 52. Qe2 Qc1 53. Kf3 Kf8 54. Qd3 Qh1+ 55. Ke3 Qh3+ 56. Kd4 Qxg4 57. Qe4 Qd1+ 58.
Ke5 Qd8 59. Qb4+ Qe7 60. Qb8+ Kg7 61. Ke4 Qd7 62. Qe5+ Kh7 63. Qc3 Qd5+ 64. Ke3 Qxa2 65. Qf6 Qb3+ 66. Kf2 Qb2+ 67. Kf3 Qxf6 68. gxf6 a2 69. f5 exf5 70. Kf4 Kh6 71. Ke5 a1=Q+ 72. Kd6 Qxf6+ 73. Kd7 Qe6+ 74. Kd8 f6 75. Kc7 f4 76. Kd8 Qf7 77. Kc8 Qe7 78. Kb8 Qd7 79. Ka8 Kg5 80.
Kb8 Kf5 81. Ka8 Ke5 82. Kb8 Kd6 83. Ka8 Kc6 84. Kb8 Kb6 85. Ka8 Qd8# 0-1

[Event "Early-Titled-Tuesday-Blitz-February-27-2024"]
[Site "Chess.com"]
[Date "2024.02.27"]
[Round "7"]
[White "JAN2404"]
[Black "AnaKuchava"]
[Result "1-0"]
[WhiteElo "1964"]
[BlackElo "2158"]
[TimeControl "180+1"]
[EndTime "9:18:16 PST"]
[Termination "JAN2404 won by checkmate"]

1. e4 c5 2. Nf3 d6 3. d4 cxd4 4. Nxd4 Nf6 5. Nc3 Nc6 6. Bg5 e6 7. Qd2 Qb6 8. Bb5 Bd7 9. Bxc6 bxc6 10. Na4 Qa6 11. Nc3 Be7 12. Nb3 d5 13. e5 Ng8 14.
a3 f6 15. Bf4 fxe5 16. Bxe5 Nf6 17. Qg5 O-O 18. O-O-O c5 19. Rhe1 Rf7 20. Qg3 Nh5 21. Qh3 Nf4 22. Bxf4 Rxf4 23. Nxd5 Rf7 24. Nc7 Qc6 25.
Nxa8 Bg5+ 26. Kb1 Qxa8 27. Nxc5 Bc6 28. Qxe6 Bf6 29. Nd7 Bxd7 30. Rxd7 Qf8 31. Rxf7 Qxf7 32. Qxf7+ Kxf7 33. Rd1 Ke7 34. c4 Be5 35. c5 Ke6 36. b4 Ke7 37. f3 Bxh2 38. g3 Bxg3 39. Rg1 Be5 40. Re1 Kf6 41. Kc2 h5 42. Kd3 h4 43.
c6 h3 44. Rh1 h2 45. Kc4 Bc7 46.
b5 Ke6 47. a4 g5 48. Re1+ Kf5 49. Kd5 Kf4 50. Ke6 Kxf3 51. Kd7 Kf2 52. Rd1 Bg3 53. c7 Bxc7 54. Kxc7 Kg2 55. Rd2+ Kg1 56. Rd1+ Kg2 57. a5 h1=Q 58. Rxh1 Kxh1 59. b6 axb6 60. axb6 g4 61. b7 g3 62. b8=Q g2 63. Qh8+ Kg1 64. Qf6 Kh2 65. Qh6+ Kg3 66. Qg5+ Kf2 67. Qf4+ Ke2 68.
Qg3 Kf1 69. Qf3+ Kg1 70. Kd6 Kh2 71. Qh5+ Kg3 72. Qg5+ Kf3 73. Qf5+ Kg3 74. Qg5+ Kf3 75. Kd5 Kf2 76. Qf4+ Ke2 77. Qg4+ Kf2 78. Qf4+ Ke2 79. Qg3 Kf1 80. Qf3+ Ke1 81. Qxg2 Kd1 82. Kd4 Kc1 83. Kc3 Kb1 84. Qb2# 1-0

[Event "Early-Titled-Tuesday-Blitz-February-27-2024"]
[Site "Chess.com"]
[Date "2024.02.27"]
[Round "7"]
[White "sokidze"]
[Black "Caroexpert"]
[Result "1-0"]
[WhiteElo "2764"]
[BlackElo "2522"]
[TimeControl "180+1"]
[EndTime "9:18:18 PST"]
[Termination "sokidze won by resignation"]

1. d4 d5 2. c4 e6 3. Nc3 a6 4.
cxd5 exd5 5. Nf3 h6 6. Bf4 Nf6 7. e3 Bd6 8. Be5 c6 9. h3 O-O 10. Bd3 Qe7 11. O-O Nbd7 12. Bxd6 Qxd6 13. Rb1 Re8 14. Qc2 c5 15. dxc5 Nxc5 16. Rfd1 Be6 17. Nd4 Rac8 18. Qe2 b5 19. a3 Qb6 20. Na2 Re7 21.
Rbc1 Rec7 22. Bb1 Nce4 23. Rxc7 Rxc7 24. Rc1 Rc4 25. Bd3 Rxc1+ 26. Nxc1 Bd7 27. Qc2 Nc5 28. Be2 Ne6 29. Ncb3 a5 30. Nxe6 fxe6 31. Nc5 b4 32.
Nxd7 Nxd7 33. Qc8+ Nf8 34. a4 Kf7 35. Bb5 Kg8 36.
b3 Qd6 37. Qa8 Qc7 38. g3 g6 39. Kg2 Kg7 40. Qa6 e5 41. Qa8 Qd6 42. Qxa5 d4 43. exd4 Qd5+ 44. Kg1 exd4 45. Qc7+ Kf6 46. Bc4 Qd7 47.
Qf4+ Kg7 48. Qe5+ Kh7 49. Bb5 Qd8 50. Bd3 h5 51. Qxh5+ Kg7 52. Qe5+ Kh7 53. a5 Kg8 54.
a6 Qb6 55. Qd5+ Kg7 56. Qb5 Qa7 57. Qb7+ Qxb7 58. axb7 Nd7 59. f4 Kf6 60. Kf2 Ke7 61. Kf3 Kd6 62. Bxg6 Kc7 63. h4 Nc5 64. h5 d3 65. h6 d2 66. Bc2 Nxb3 67. Bxb3 Kxb7 68. h7 Kc6 69. h8=Q Kc5 70. Qe5+ 1-0

[Event "Early-Titled-Tuesday-Blitz-February-27-2024"]
[Site "Chess.com"]
[Date "2024.02.27"]
[Round "7"]
[White "TitarovVasiliYouTube"]
[Black "NM_Antelacus"]
[Result "1-0"]
[WhiteElo "2518"]
[BlackElo "2252"]
[TimeControl "180+1"]
[EndTime "9:18:22 PST"]
[Termination "TitarovVasiliYouTube won on time"]

1. e4 c5 2. Nf3 Nc6 3. Be2 g6 4. O-O Bg7 5. c3 d5 6. exd5 Qxd5 7. d3 Nf6 8. a4 O-O 9. Na3 b6 10. Nc4 Bb7 11. Be3 Rfd8 12. Qb3 Rac8 13. a5 Nxa5 14. Nxa5 bxa5 15. Qxd5 Nxd5 16. Rxa5 Nxe3 17. fxe3 a6 18. d4 cxd4 19. exd4 Rd6 20. Rfa1 Rb6 21. R1a2 e6 22. Ne1 Bf8 23. Bf3 Bxf3 24. gxf3 Rcc6 25.
Nd3 Bd6 26. Kg2 Kg7 27. f4 f6 28. Kf3 Kf7 29. Ra1 Ke7 30. Re1 Kd7 31. h4 Rb5 32.
Rea1 Rxa5 33. Rxa5 Rb6 34. h5 Kc6 35. hxg6 hxg6 36.
Ke2 Kb7 37. Ra1 Rb5 38. Rh1 Rf5 39. Ke3 e5 40. fxe5 fxe5 41. Rh6 exd4+ 42. Kxd4 Rg5 43. Rh7+ Kc6 44. Rg7 Rg4+ 45. Ke3 Kb5 46. Rd7 Bc5+ 47. Kf3 Rg5 48. b3 Kc6 49. Rg7 Bd6 50. Ra7 Kb6 51.
Rg7 Kc6 52. Ke4 Rg4+ 53. Kf3 Rg3+ 54. Ke2 Rg2+ 55. Ke3 Rg3+ 56. Kd2 a5 57. c4 Bb4+ 58. Ke2 Bc3 59. Rf7 Kd6 60. Ra7 Ke6 61. Ra6+ Kf5 62. c5 Ke4 63. Re6+ Kd5 64. Rd6+ Ke4 65. c6 Rg2+ 66. Kf1 Rc2 67. c7 Bd4 68. Re6+ Kxd3 69. Re7 Be3 70. Rd7+ Bd4 71. Ke1 g5 72. Kd1 g4 73.
Rxd4+ Kxd4 74. Kxc2 g3 75. c8=Q g2 76. Qg4+ 1-0

[Event "Early-Titled-Tuesday-Blitz-February-27-2024"]
[Site "Chess.com"]
[Date "2024.02.27"]
[Round "7"]
[White "Nouali_Mohamed"]
[Black "Witik"]
[Result "0-1"]
[WhiteElo "2540"]
[BlackElo "2712"]
[TimeControl "180+1"]
[EndTime "9:18:23 PST"]
[Termination "Witik won on time"]

1. e4 c6 2. d4 d5 3. e5 Bf5 4.
Nc3 e6 5. g4 Bg6 6. Nge2 c5 7.
h4 h5 8. Nf4 Bh7 9. g5 cxd4 10.
Nb5 Be4 11. f3 Bf5 12. Nxd4 Ne7 13. Bb5+ Nbc6 14. g6 Bxg6 15. Nxg6 fxg6 16. Nxe6 Qd7 17. Ng5 Nf5 18. Bf4 O-O-O 19. c3 Bc5 20. Qe2 Rhe8 21.
O-O-O Qc7 22. Kb1 a6 23. Bxc6 Qxc6 24. e6 d4 25. cxd4 Nxd4 26. Qc4 Bb6 27. Qxc6+ bxc6 28. Rhe1 Nf5 29. Rc1 Kb7 30. Nf7 Rd5 31. Bg5 Bf2 32. Rf1 Bb6 33. f4 Rxe6 34. Ne5 Bc7 35. Rfe1 Bxe5 36. fxe5 Rdxe5 37. Rg1 Re2 38. a3 a5 39.
Rg3 a4 40. Rgc3 R2e4 41. Rc5 Nd4 42. R5c4 Nb3 43. Rxe4 Rxe4 44. Rd1 c5 45. Rd7+ Kc6 46. Rxg7 Rg4 47. Rxg6+ Kd5 48. Rg8 Kc4 49. Rf8 Rg1+ 50.
Kc2 Rg2+ 51. Kb1 Kd3 52. Rf3+ Ke4 53. Rf1 c4 54. Re1+ Kd3 55. Rd1+ Nd2+ 56. Bxd2 Rxd2 57. Rc1 Rh2 58. Rc3+ Kd4 59. Ka2 Rxh4 60. Rg3 Rh2 61. Rg5 c3 62. Rg8 Rxb2+ 63. Ka1 Rh2 64. Rd8+ Kc4 65. Rc8+ Kb3 66. Rb8+ Kxa3 67. Kb1 Rb2+ 68. Ka1 Rb3 69. Rg8 c2 70. Rg1 Rb1+ 71. Rxb1 cxb1=Q+ 72. Kxb1 h4 73. Kc2 h3 74. Kd2 h2 75. Kc2 h1=Q 0-1

[Event "Early-Titled-Tuesday-Blitz-February-27-2024"]
[Site "Chess.com"]
[Date "2024.02.27"]
[Round "7"]
[White "ActorXu"]
[Black "Firouzja2003"]
[Result "0-1"]
[WhiteElo "2834"]
[BlackElo "3074"]
[TimeControl "180+1"]
[EndTime "9:18:26 PST"]
[Termination "Firouzja2003 won by resignation"]

1. e4 c5 2. Nf3 d6 3. d4 cxd4 4. Nxd4 Nf6 5. Nc3 a6 6. Be3 e5 7.
Nb3 Be7 8. h3 Be6 9. Qd2 Nbd7 10.
O-O-O b5 11. g4 h6 12. Kb1 Nb6 13. f4 b4 14. Bxb6 Qxb6 15. Nd5 Bxd5 16. exd5 Ne4 17. Qe1 Nf2 18. fxe5 Nxd1 19. exd6 Qxd6 20. Qxd1 O-O 21. Bd3 Bf6 22. Na5 Rad8 23. Nc6 Rde8 24. Qf3 a5 25. h4 Bxh4 26. a4 bxa3 27. Rxh4 Re1+ 28. Ka2 axb2 29. Kxb2 Rb8+ 30. Kc3 Qa3+ 31. Kd2 Qc1+ 32. Kc3 Qa1+ 33. Kd2 Rbb1 34. Be2 Qb2 35. Qf5 g6 36. Qf2 Qc1+ 37. Kd3 Qa3+ 38. c3 Qd6 39. Nd4 Qxd5 40.
Rxh6 Qe5 41. Qh2 Qxh2 42. Rxh2 a4 43. Nc2 Rec1 44. Bf3 Rb2 45. Re2 Kg7 46. g5 Rb5 47.
Nd4 Rxg5 48. Ra2 Rc5 49. Ne2 Rf1 50. Bg2 Rf2 51. Be4 f5 52. Bb7 Re5 53. Ba6 f4 54. Kd4 Re7 55. Rxa4 f3 56. Ng3 Rg2 57. Ne4 Rg4 58.
Ke3 f2 59. Bf1 g5 60. Kf3 Rf4+ 61. Ke3 Kg6 62. Rd4 Kf5 63. Bd3 f1=Q 64. Bxf1 Rexe4+ 65. Rxe4 Rxe4+ 66. Kf2 Rf4+ 67. Kg2 Kg4 68. Be2+ Kh4 69. c4 Re4 70. Bf1 g4 71. c5 Re5 72. c6 Rc5 73. Be2 Rxc6 74. Bd3 Rc3 75. Be4 Re3 76.
Bd5 Re2+ 77. Kf1 Rd2 78. Be4 Kg3 79. Bb7 Rb2 80. Bc6 Rf2+ 81. Ke1 Rf6 82. Bd5 Kh2 0-1